 Dungeon Crawl Stone Soup version 0.30.0-29-ga12c61a403 (webtiles) character file.

Game seed: 5556215740233457293

7271 qw the Cleaver (level 11, -2/69 HPs)
             Began as a Gargoyle Fighter on June 5, 2023.
             Was a Priest of Okawaru.
             Slain by a komodo dragon (22 damage)
             ... on level 2 of the Lair of Beasts.
             The game lasted 00:04:23 (9084 turns).

qw the Cleaver (Gargoyle Fighter)                   Turns: 9084, Time: 00:04:24

Health: -2/69      AC: 31    Str: 24    XL:     11   Next: 12%
Magic:  13/14      EV: 10    Int:  9    God:    Okawaru [***...]
Gold:   559        SH: 12    Dex:  9    Spells: 10/10 levels left

rFire   + . .        Y - +1 broad axe
rCold   + . .        s - +0 kite shield
rNeg    + . .        e - +2 chain mail {rC+}
rPois   inf          q - +0 helmet
rElec   +            t - +1 cloak
rCorr   .            p - +0 pair of gloves
SInv    .            (no boots)
Will    .....        v - amulet of faith Stlth
                     l - +4 ring of protection
HPRegen 0.31/turn    o - ring of protection from fire
MPRegen 0.14/turn

%: faith
@: about to teleport, heroic
A: sickness immunity, AC +8, negative energy resistance 1, electricity
resistance, torment resistance 1, petrification resistance
a: Renounce Religion, Heroism


You were on level 2 of the Lair of Beasts.
You worshipped Okawaru.
Okawaru was most pleased with you.
You visited 2 branches of the dungeon, and saw 10 of its levels.

You collected 559 gold pieces.


Innate Abilities, Weirdness & Mutations

You are immune to sickness and miasma.
Your stone body is resilient. (AC +8)
You are immune to poison.
You resist negative energy. (rN+)
You are resistant to electric shocks. (rElec)
You are resistant to unholy torment.
You are immune to petrification.


   Skills:
 - Level 8.9(13.9) Fighting
 + Level 10.2(15.2) Axes
 - Level 1.9(6.9) Throwing
 - Level 6.3(11.3) Armour
 - Level 1.0(6.0) Dodging
 - Level 9.1(14.1) Shields
 - Level 4.2 Invocations


You had 10 spell levels left.
You didn't know any spells.
Your spell library was empty.

Inventory:

Hand Weapons
 g - a +0 flail
 Y - a +1 broad axe (weapon)
Missiles
 c - 5 boomerangs (quivered)
Armour
 e - a +2 chain mail of cold resistance (worn)
 i - a +0 plate armour
 p - a +0 pair of gloves (worn)
 q - a +0 helmet (worn)
 s - a +0 kite shield (worn)
 t - a +1 cloak (worn)
Jewellery
 l - a +4 ring of protection (left hand)
 o - a ring of protection from fire (right hand)
 v - an amulet of faith (around neck)
 w - a ring of ice
Scrolls
 b - a scroll of identify
Potions
 a - a potion of lignification
 d - 4 potions of might
 f - 4 potions of magic
 j - 2 potions of haste {unknown}
 k - 4 potions of curing
 n - a potion of cancellation {unknown}
 x - a potion of ambrosia {unknown}

Dungeon Overview and Level Annotations

Branches:
Dungeon (8/15)             Temple (0/1) D:7            Lair (2/5) D:8
 Shoals (0/4) Lair:2
  Snake: Lair:2-3    Spider: Lair:2-3

Altars:
Ashenzari
Dithmenos
Gozag
Kikubaaqudgha
Makhleb
Nemelex Xobeh
Okawaru
Qazlal
Ru
Uskayaw
Vehumet

Annotations:
Lair:2 1 transporter, qw's ghost, journeyman GrFi


Message History

You block the black mamba's attack. x2
The bullfrog hits you but does no damage.
The komodo dragon bites you but does no damage.
You hit the hell rat but do no damage.
The hell rat is almost dead.
You closely miss the komodo dragon. You hit the black mamba.
You hit the bullfrog. You block the black mamba's attack.
You block the bullfrog's attack.
The black mamba bites you but does no damage.
The hell rat bites you but does no damage.
The bullfrog hits you. The komodo dragon bites you!!
You closely miss the hell rat.
The hell rat is almost dead.
You slash the komodo dragon! You slash the hell rat! You slash the black mamba!
You hit the bullfrog.
The black mamba bites you but does no damage.
The hell rat bites you. You block the bullfrog's attack.
The hell rat bites you! The black mamba closely misses you.
9082 ||| READING scroll of teleportation.
As you read the scroll of teleportation, it crumbles to dust.
You feel strangely unstable.
The bullfrog swells and bulges.
The bullfrog hits you but does no damage.
The black mamba bites you but does no damage.
The komodo dragon closely misses you. You block the hell rat's attack.
The hell rat bites you. The black mamba bites you.
The bullfrog barely misses you.
9083 ||| DRINKING potion of heal wounds.
You feel much better. You block the hell rat's attack.
You block the komodo dragon's attack. You block the hell rat's attack.
The black mamba closely misses you. The bullfrog hits you.
The hell rat misses you.
You slash the hell rat!
You kill the hell rat!
Okawaru accepts your kill.
You slash the komodo dragon! You barely miss the hell rat.
You closely miss the black mamba. You slash the bullfrog!
You block the black mamba's attack. The bullfrog hits you.
The hell rat closely misses you. The komodo dragon bites you!!
You die...

...........<...
##..............
#..........)....
#........~~~~~~.
.......h~~~~~~~.
#.....rrr~~~~~~~
#...rF%~~~~~~~~
#...rl@r~~~~~~~
#...P.##S~...~~~
#P..# #.~.>.~~~
##. ~~.......
##.....##
P.....# .......
####.##


You could see a komodo dragon, a black mamba, a wolf, a bullfrog and 6 hell
rats.

Vanquished Creatures
  A hydra (Lair:2)
  A black mamba (Lair:2)
  2 cane toads (Lair:1)
  A komodo dragon (Lair:1)
  A troll (D:8)
  4 blink frogs (Lair:1)
  A wyvern (Lair:1)
  A basilisk (Lair:1)
  A steam dragon (D:8)
  A swamp worm (D:7)
  Menkaure (D:4)
  5 water moccasins
  A sky beast (D:8)
  5 ice beasts
  2 black bears
  2 ogres (D:5)
  9 centaurs
  6 wolves
  A phantom (D:7)
  A kobold brigand (D:8)
  4 bullfrogs
  3 scorpions
  2 electric eels (D:8)
  7 hounds
  A hell rat (Lair:2)
  3 sleepcaps
  2 orc wizards
  2 iguanas
  Natasha (twice) (D:3)
  Robin (D:3)
  6 gnolls
  8 adders
  2 white imps (D:8)
  A worm (D:4)
  2 dart slugs
  13 orcs
  9 ball pythons
  6 bats
  6 endoplasms
  A giant cockroach (D:4)
  14 goblins
  11 hobgoblins
  6 jackals (D:3)
  5 quokkas
  6 frilled lizards
  12 kobolds
  7 rats
189 creatures vanquished.

Notes
Turn   | Place    | Note
-------+----------+-------------------------------------------
     0 | D:1      | qw the Gargoyle Fighter began the quest for the Orb.
     0 | D:1      | Reached XP level 1. HP: 14/14 MP: 1/1
     0 | D:1      | 0 ||| qw: Version: 0.2-a-108-gee2c290
     0 | D:1      | 0 ||| qw: Game counter: 1334
     0 | D:1      | 0 ||| qw: Always use a shield: true
     0 | D:1      | 0 ||| qw: God list: Okawaru
     0 | D:1      | 0 ||| qw: Allow faded altars: false
     0 | D:1      | 0 ||| qw: Do Orc after D:15 true
     0 | D:1      | 0 ||| qw: Do second Lair branch before Depths: true
     0 | D:1      | 0 ||| qw: Lair rune preference: random
     0 | D:1      | 0 ||| qw: Plans: Normal, Zot:1-4, Slime:5, God:TSO, Crypt,
                  | Tomb, Abyss, Pan, Hells, Win
     0 | D:1      | 0 ||| PLANNING D:1-11
   100 | D:1      | Reached skill level 2 in Axes
   166 | D:1      | Reached XP level 2. HP: 9/19 MP: 2/2
   169 | D:1      | HP: 4/19 [constriction (1)]
   170 | D:1      | Reached skill level 3 in Axes
   173 | D:1      | Reached XP level 3. HP: 5/23 MP: 3/3
   179 | D:1      | 179 ||| FLEEEEING.
   180 | D:1      | 180 ||| FLEEEEING.
   181 | D:1      | 181 ||| FLEEEEING.
   182 | D:1      | 182 ||| FLEEEEING.
   183 | D:1      | 183 ||| FLEEEEING.
   184 | D:1      | 184 ||| FLEEEEING.
   185 | D:1      | 185 ||| FLEEEEING.
   186 | D:1      | 186 ||| FLEEEEING.
   187 | D:1      | 187 ||| FLEEEEING.
   191 | D:1      | 191 ||| FLEEEEING.
   195 | D:1      | 195 ||| FLEEEEING.
   196 | D:1      | 196 ||| FLEEEEING.
   197 | D:1      | 197 ||| FLEEEEING.
   201 | D:1      | 201 ||| FLEEEEING.
   202 | D:1      | 202 ||| FLEEEEING.
   203 | D:1      | 203 ||| FLEEEEING.
   204 | D:1      | 204 ||| FLEEEEING.
   205 | D:1      | 205 ||| FLEEEEING.
   206 | D:1      | 206 ||| FLEEEEING.
   210 | D:1      | 210 ||| FLEEEEING.
   211 | D:1      | 211 ||| FLEEEEING.
   223 | D:1      | 223 ||| FLEEEEING.
   224 | D:1      | 224 ||| FLEEEEING.
   225 | D:1      | 225 ||| FLEEEEING.
   226 | D:1      | 226 ||| FLEEEEING.
   227 | D:1      | 227 ||| FLEEEEING.
   228 | D:1      | 228 ||| FLEEEEING.
   230 | D:1      | 230 ||| FLEEEEING.
   232 | D:1      | 232 ||| FLEEEEING.
   234 | D:1      | 234 ||| FLEEEEING.
   235 | D:1      | 235 ||| FLEEEEING.
   236 | D:1      | 236 ||| FLEEEEING.
   237 | D:1      | 237 ||| FLEEEEING.
   238 | D:1      | 238 ||| FLEEEEING.
   239 | D:1      | 239 ||| FLEEEEING.
   318 | D:1      | 318 ||| Stepping ~*~*~tactically~*~*~ (stealth).
   443 | D:1      | 443 ||| DROPPING +0 club.
   693 | D:1      | 693 ||| Stepping ~*~*~tactically~*~*~ (hiding).
  1131 | D:1      | 1131 ||| DRINKING 2 fizzy white potions.
  1132 | D:1      | 1132 ||| DRINKING 2 fuming ruby potions.
  1133 | D:1      | 1133 ||| DROPPING potion of flight.
  1202 | D:2      | Found a faded altar of an unknown god.
  1218 | D:2      | Identified the +2 robe of the Heavens {rC- rN+ Will++
                  | Regen+}
  1222 | D:2      | 1222 ||| READING scroll labelled JUTZEL LALE.
  1490 | D:2      | Found a burning altar of Makhleb.
  1613 | D:2      | Reached XP level 4. HP: 28/28 MP: 4/4
  1676 | D:2      | Reached skill level 4 in Axes
  1690 | D:2      | 1690 ||| Stepping ~*~*~tactically~*~*~ (hiding).
  1914 | D:2      | 1914 ||| UPGRADING to +4 ring of protection.
  1915 | D:2      | 1915 ||| READING scroll labelled OHUIPA FUCOUXTAKK.
  1916 | D:2      | 1916 ||| READING scroll labelled DIUN AFOUSMOA.
  2016 | D:3      | 2016 ||| Stepping ~*~*~tactically~*~*~ (stealth).
  2210 | D:3      | Noticed Natasha
  2214 | D:3      | Killed Natasha
  2370 | D:3      | Reached XP level 5. HP: 32/32 MP: 5/5
  2386 | D:3      | Noticed Robin
  2408 | D:3      | Killed Robin
  2409 | D:3      | Reached skill level 5 in Axes
  2423 | D:3      | 2423 ||| FLEEEEING.
  2424 | D:3      | 2424 ||| FLEEEEING.
  2425 | D:3      | 2425 ||| FLEEEEING.
  2427 | D:3      | HP: 7/32 [orc wizard/puff of flame (9)]
  2428 | D:3      | HP: 2/32 [orc wizard/+0 dagger (2)]
  2616 | D:3      | 2616 ||| Stepping ~*~*~tactically~*~*~ (stealth).
  2639 | D:3      | Found a shadowy altar of Dithmenos.
  2868 | D:3      | Noticed Natasha
  2889 | D:3      | Killed Natasha
  2890 | D:3      | Reached skill level 1 in Dodging
  2890 | D:3      | Reached XP level 6. HP: 25/38 MP: 6/6
  3070 | D:3      | 3070 ||| UPGRADING to +0 helmet.
  3075 | D:3      | 3075 ||| UPGRADING to +0 kite shield.
  3085 | D:3      | 3085 ||| DROPPING +0 buckler.
  3086 | D:3      | 3086 ||| READING scroll labelled UDIEMI TUSH.
  3087 | D:3      | 3087 ||| READING scroll labelled SONEBRE ELOIJ.
  3088 | D:3      | 3088 ||| READING scroll labelled QONAOT USTENG.
  3089 | D:3      | 3089 ||| DRINKING 2 murky inky potions.
  3089 | D:3      | Gained mutation: Armour fits poorly on your strangely
                  | shaped body. [potion of mutation]
  3089 | D:3      | Gained mutation: You expend magic power (3 MP) to
                  | strengthen your wands. [potion of mutation]
  3089 | D:3      | Gained mutation: Your natural rate of healing is unusually
                  | fast. [potion of mutation]
  3090 | D:3      | 3090 ||| DRINKING potion of mutation.
  3090 | D:3      | Lost mutation: Your natural rate of healing is unusually
                  | fast. [potion of mutation]
  3090 | D:3      | Lost mutation: You expend magic power (3 MP) to strengthen
                  | your wands. [potion of mutation]
  3090 | D:3      | Gained mutation: You have large cloven feet. [potion of
                  | mutation]
  3090 | D:3      | Gained mutation: You are frail. (-10% HP) [potion of
                  | mutation]
  3090 | D:3      | Gained mutation: Your muscles are strong. (Str +4, Int/Dex
                  | -1) [potion of mutation]
  3091 | D:3      | 3091 ||| DRINKING 2 orange potions.
  3124 | D:4      | Found an opulent altar of Gozag.
  3535 | D:4      | Noticed Menkaure
  3544 | D:4      | Killed Menkaure
  3545 | D:4      | Reached XP level 7. HP: 29/38 MP: 7/7
  3618 | D:4      | Found a radiant altar of Vehumet.
  3620 | D:4      | 3620 ||| FLEEEEING.
  3621 | D:4      | 3621 ||| FLEEEEING.
  3827 | D:4      | 3827 ||| UPGRADING to +2 chain mail of cold resistance.
  3837 | D:4      | 3837 ||| DROPPING +0 scale mail.
  3838 | D:4      | 3838 ||| DROPPING +2 robe of the Heavens {rC- rN+ Will++
                  | Regen+}.
  3839 | D:4      | 3839 ||| UPGRADING to ring of protection from fire.
  3840 | D:4      | 3840 ||| READING scroll labelled HYSTRE BUSI.
  3845 | D:4      | 3845 ||| DRINKING 2 silvery potions.
  3890 | D:5      | Entered Level 5 of the Dungeon
  4012 | D:5      | 4012 ||| Stepping ~*~*~tactically~*~*~ (stealth).
  4013 | D:5      | 4013 ||| Stepping ~*~*~tactically~*~*~ (stealth).
  4023 | D:5      | 4023 ||| Stepping ~*~*~tactically~*~*~ (stealth).
  4060 | D:5      | Reached skill level 6 in Axes
  4121 | D:5      | Reached skill level 6 in Shields
  4235 | D:5      | Reached XP level 8. HP: 23/43 MP: 8/8
  4592 | D:5      | Reached skill level 7 in Axes
  4879 | D:5      | 4879 ||| UPGRADING to +1 cloak.
  4884 | D:5      | 4884 ||| READING scroll labelled BAEHUM FAGOFF.
  4885 | D:5      | 4885 ||| READING 2 scrolls of identify.
  4885 | D:5      | 4885 ||| IDENTIFYING glowing ruby potion
  4998 | D:6      | Found a hide-covered altar of Uskayaw.
  4998 | D:6      | Found an iron altar of Okawaru.
  4999 | D:6      | 4999 ||| PLANNING OKAWARU WORSHIP
  5003 | D:6      | Became a worshipper of Warmaster Okawaru
  5003 | D:6      | 5003 ||| PLANNING D:1-11
  5031 | D:6      | Found a sacrificial altar of Ru.
  5279 | D:6      | Found a sparkling altar of Nemelex Xobeh.
  5645 | D:6      | 5645 ||| READING scroll labelled QASMERR MAYDAA.
  5646 | D:6      | 5646 ||| DRINKING 2 coppery potions.
  5647 | D:6      | 5647 ||| DROPPING potion of degeneration.
  5711 | D:7      | 5711 ||| DRINKING potion of mutation.
  5711 | D:7      | Lost mutation: Your muscles are strong. (Str +4, Int/Dex
                  | -1) [potion of mutation]
  5711 | D:7      | Lost mutation: Armour fits poorly on your strangely shaped
                  | body. [potion of mutation]
  5711 | D:7      | Lost mutation: You have large cloven feet. [potion of
                  | mutation]
  5711 | D:7      | Lost mutation: You are frail. (-10% HP) [potion of
                  | mutation]
  5755 | D:7      | Reached skill level 1 in Throwing
  5917 | D:7      | 5917 ||| SWAPPING to +0 broad axe.
  5948 | D:7      | 5948 ||| DROPPING +0 war axe.
  5984 | D:7      | Reached XP level 9. HP: 28/54 MP: 9/9
  6076 | D:7      | Found a staircase to the Ecumenical Temple.
  6214 | D:7      | Reached * piety under Okawaru
  6215 | D:7      | Reached skill level 8 in Axes
  6230 | D:7      | 6230 ||| Stepping ~*~*~tactically~*~*~ (hiding).
  6470 | D:7      | Reached skill level 1 in Invocations
  6642 | D:7      | 6642 ||| INVOKING Heroism.
  6821 | D:7      | 6821 ||| INVOKING Heroism.
  6836 | D:7      | 6836 ||| INVOKING Heroism.
  7040 | D:7      | Found a stormy altar of Qazlal.
  7040 | D:7      | Found a broken altar of Ashenzari.
  7052 | D:7      | Reached skill level 3 in Invocations
  7055 | D:7      | 7055 ||| UPGRADING to +0 pair of gloves.
  7060 | D:7      | 7060 ||| UPGRADING to amulet of faith.
  7142 | D:8      | Found an ancient bone altar of Kikubaaqudgha.
  7156 | D:8      | 7156 ||| Stepping ~*~*~tactically~*~*~ (stealth).
  7158 | D:8      | 7158 ||| Stepping ~*~*~tactically~*~*~ (hiding).
  7315 | D:8      | Noticed a troll
  7316 | D:8      | 7316 ||| INVOKING Heroism.
  7326 | D:8      | Reached skill level 6 in Fighting
  7335 | D:8      | 7335 ||| INVOKING Heroism.
  7345 | D:8      | HP: 6/55 [troll (10)]
  7346 | D:8      | 7346 ||| READING scroll of teleportation.
  7347 | D:8      | 7347 ||| DRINKING potion of heal wounds.
  7348 | D:8      | 7348 ||| INVOKING Heroism.
  7349 | D:8      | Killed a troll
  7356 | D:8      | Found a staircase to the Lair.
  7368 | D:8      | Reached skill level 9 in Axes
  7369 | D:8      | 7369 ||| Stepping randomly (disturbance).
  7370 | D:8      | 7370 ||| Stepping randomly (disturbance).
  7378 | D:8      | 7378 ||| INVOKING Heroism.
  7379 | D:8      | 7379 ||| Stepping ~*~*~tactically~*~*~ (water).
  7383 | D:8      | Reached XP level 10. HP: 28/60 MP: 10/13
  7494 | D:8      | 7494 ||| Stepping ~*~*~tactically~*~*~ (hiding).
  7496 | D:8      | 7496 ||| Stepping ~*~*~tactically~*~*~ (hiding).
  7497 | D:8      | 7497 ||| Stepping ~*~*~tactically~*~*~ (hiding).
  7606 | D:8      | 7606 ||| Stepping ~*~*~tactically~*~*~ (hiding).
  7899 | D:8      | 7899 ||| PLANNING LAIR
  7899 | D:8      | 7899 ||| READING scroll labelled FUFEICS XASOM.
  7900 | D:8      | 7900 ||| READING scroll labelled NOECHIVVIF.
  7915 | Lair:1   | Entered Level 1 of the Lair of Beasts
  7932 | Lair:1   | 7932 ||| INVOKING Heroism.
  7941 | Lair:1   | Reached ** piety under Okawaru
  7959 | Lair:1   | 7959 ||| INVOKING Heroism.
  8101 | Lair:1   | Reached skill level 9 in Shields
  8160 | Lair:1   | Noticed a cane toad
  8161 | Lair:1   | 8161 ||| INVOKING Heroism.
  8173 | Lair:1   | Killed a cane toad
  8173 | Lair:1   | Reached *** piety under Okawaru
  8260 | Lair:1   | Noticed a cane toad
  8262 | Lair:1   | 8262 ||| INVOKING Heroism.
  8275 | Lair:1   | Killed a cane toad
  8344 | Lair:1   | 8344 ||| INVOKING Heroism.
  8455 | Lair:1   | 8455 ||| INVOKING Heroism.
  8464 | Lair:1   | Reached skill level 10 in Axes
  8694 | Lair:1   | 8694 ||| DRINKING 2 bubbling coppery potions.
  8695 | Lair:1   | 8695 ||| READING 2 scrolls of identify.
  8695 | Lair:1   | 8695 ||| IDENTIFYING fizzy inky potion
  8696 | Lair:1   | 8696 ||| DROPPING potion of brilliance.
  8697 | Lair:1   | 8697 ||| DROPPING potion of berserk rage.
  8748 | Lair:2   | Noticed a black mamba
  8749 | Lair:2   | 8749 ||| INVOKING Heroism.
  8759 | Lair:2   | Killed a black mamba
  8760 | Lair:2   | Reached skill level 6 in Armour
  8805 | Lair:2   | 8805 ||| Stepping ~*~*~tactically~*~*~ (hiding).
  8807 | Lair:2   | 8807 ||| Stepping ~*~*~tactically~*~*~ (hiding).
  8810 | Lair:2   | Found a staircase to the Shoals.
  8835 | Lair:2   | Reached XP level 11. HP: 60/68 MP: 14/14
  8894 | Lair:2   | Noticed a four-headed hydra
  8895 | Lair:2   | 8895 ||| INVOKING Heroism.
  8900 | Lair:2   | 8900 ||| SWAPPING to +0 flail.
  8917 | Lair:2   | Killed a four-headed hydra
  8917 | Lair:2   | Reached **** piety under Okawaru
  8918 | Lair:2   | 8918 ||| SWAPPING to +1 broad axe.
  9061 | Lair:2   | Noticed qw's ghost (journeyman GrFi)
  9061 | Lair:2   | Noticed a moth of wrath
  9062 | Lair:2   | Found a transporter.
  9072 | Lair:2   | 9072 ||| INVOKING Heroism.
  9074 | Lair:2   | 9074 ||| Stepping ~*~*~tactically~*~*~ (water).
  9081 | Lair:2   | HP: 13/69 [hell rat (7)]
  9082 | Lair:2   | 9082 ||| READING scroll of teleportation.
  9082 | Lair:2   | HP: 5/69 [black mamba (5)]
  9083 | Lair:2   | 9083 ||| DRINKING potion of heal wounds.
  9084 | Lair:2   | Slain by a komodo dragon

Levels and vault maps discovered:
D:1:      zaba_arrival_water, layout_basic
D:2:      minmay_diamond_boxcup, layout_loops_ring, basic_altar,
          basic_ecumenical_altar, grunt_decor_fettered,
          nicolae_kite_square_tiling_tiny, grunt_decor_mini_mirrors,
          eino_tiny_chamber, minmay_misc_feat_more_columns
D:3:      layout_basic, nicolae_dithmenos_the_darkroom,
          hangedman_decor_clover_reticule, uniq_robin, uniq_natasha
D:4:      layout_gridville, mainiacjoe_overflow_concentric_impassable,
          vehumet_statue, uniq_menkaure
D:5:      layout_basic
D:6:      layout_basic, lemuel_tele_altar, nicolae_overflow_two_pavilions,
          nemelex_altar_shiori, hangedman_decor_points,
          hellmonk_bongcloud_opening, lemuel_flamethrower_1
D:7:      layout_basic, gammafunk_temple_overflow_wave,
          minmay_temple_entry_waves, worms_lemuel
D:8:      layout_rooms, mainiacjoe_overflow_24_doors, erik_lair_island
Lair:1:   layout_chaotic_city
Lair:2:   beast_lair_carwin_large_4, layout_long_grid,
          minmay_shoals_entry_centaurs, gammafunk_ghost_berserking_beasts,
          infiniplex_staircase_pool

Skill      XL: |  1  2  3  4  5  6  7  8  9 10 11 |
---------------+----------------------------------+-----
Axes           | 2 3 4 5 6 7 9 10 | 10.2
Fighting       | 4 5 6 7 8 |  8.9
Dodging        | 1 |  1.0
Shields        | 5 6 7 8 9 |  9.1
Throwing       | 1 |  1.9
Invocations    | 4 |  4.2
Armour         | 4 6 |  6.3

Action                     |  1- 3 |  4- 6 |  7- 9 | 10-12 || total
---------------------------+-------+-------+-------+-------++-------
  Melee: War axe           |    91 |   186 |   115 |       ||   392
         Kick              |       |    13 |    22 |       ||    35
         Broad axe         |       |       |   141 |   155 ||   296
         Flail             |       |       |       |    17 ||    17
  Throw: Boomerang         |       |    13 |    65 |    34 ||   112
 Invoke: Heroism           |       |       |     7 |     9 ||    16
    Use: Potion            |     2 |     3 |     4 |     2 ||    11
         Scroll            |     1 |     5 |     5 |     4 ||    15
 Armour: Scale mail        |    37 |   111 |     7 |       ||   155
         Chain mail        |       |       |   186 |   123 ||   309
  Dodge: Dodged            |    42 |    71 |    96 |    86 ||   295
  Block: Buckler           |    13 |    28 |       |       ||    41
         Kite shield       |       |    11 |   112 |   136 ||   259

Table legend:
 A = Non-vault XP
 B = Vault XP
 C = Vault XP percentage of total XP
 D = Non-vault monster count
 E = Vault monster count
 F = Vault count percentage of total count
                 A         B        C        D         E       F
            +---------+---------+-------+---------+---------+-------
      Total |    8331 |    2094 |  20.1 |     151 |      38 |  20.1
            +---------+---------+-------+---------+---------+-------
        D:1 |      55 |       0 |   0.0 |      20 |       0 |   0.0
        D:2 |      42 |      14 |  25.0 |      12 |       7 |  36.8
        D:3 |     154 |      68 |  30.6 |      30 |      12 |  28.6
        D:4 |     249 |     172 |  40.9 |      22 |       1 |   4.3
        D:5 |     694 |       0 |   0.0 |      15 |       0 |   0.0
        D:6 |     416 |       0 |   0.0 |       8 |       0 |   0.0
        D:7 |    1273 |     173 |  12.0 |      11 |       1 |   8.3
        D:8 |     890 |     875 |  49.6 |      17 |       9 |  34.6
     Lair:1 |    3168 |       0 |   0.0 |      13 |       0 |   0.0
     Lair:2 |    1390 |     792 |  36.3 |       3 |       8 |  72.7
            +---------+---------+-------+---------+---------+-------
